 Dungeon Crawl Stone Soup version 0.30-b1-2-g02819fbbbe (webtiles) character file.

Game seed: 8123033504701310766

401 sanka the Grave Robber (level 6, -4/50 HPs)
             Began as a Barachi Necromancer on May 6, 2023.
             Was a Believer of Ashenzari.
             Slain by a gnoll sergeant
             ... wielding a +0 trident
              (9 damage)
             ... on level 3 of the Dungeon.
             The game lasted 00:09:34 (4210 turns).

sanka the Grave Robber (Barachi Necromancer)        Turns: 4210, Time: 00:09:35

Health: -4/50      AC:  6    Str:  9    XL:     6   Next: 85%
Magic:  0/12       EV: 14    Int: 23    God:    Ashenzari [**....]
Gold:   30         SH:  0    Dex: 13    Spells: 9/13 levels left

rFire   . . .        a - +1 dagger (pain)
rCold   . . .        o - orb of Ashenzari's Oracle {light, Fort, Self} (curse)
rNeg    . . .        l - +0 robe "Visionary of Ashenzari" {Melee, Comp} (curse)
rPois   .            f - +0 helmet
rElec   .            v - +0 cloak
rCorr   .            c - +1 pair of gloves "Lashed With Me" {Cun, Elem} (curse)
SInv    +            (no boots)
Will    .....        (no amulet)
Stlth   +            i - ring "Tethered Soothsayer" {Int+6, Elem, Range} (curse)
HPRegen 0.28/turn    (no ring)
MPRegen 0.13/turn

%: no passive effects
@: unable to hop, glowing, slow
A: amphibious, slowness 1, strong legs 1, +LOS
a: Hop, Renounce Religion, Shatter the Chains


You were on level 3 of the Dungeon.
You worshipped Ashenzari.
Ashenzari was pleased with you.
You visited 1 branch of the dungeon, and saw 4 of its levels.

You collected 162 gold pieces.
You spent 132 gold pieces at shops.

Inventory:

Hand Weapons
 a - a +1 dagger of pain (weapon)
 b - a +0 war axe
Missiles
 e - 3 silver javelins
Armour
 c - the cursed +1 pair of gloves "Lashed With Me" (worn) {Cun, Elem}
   (You found it on level 1 of the Dungeon)

   It has a curse which improves the following skills: Cunning: Dodging and
   Stealth.
   Elements:  Fire Magic, Ice Magic, Air Magic and Earth Magic.
 f - a +0 helmet (worn)
 l - the cursed +0 robe "Visionary of Ashenzari" (worn) {Melee, Comp}

   It has a curse which improves the following skills: Melee Combat: Short
   Blades, Long Blades, Axes, Maces & Flails, Polearms, Staves and Unarmed
   Combat.
   Companions: Summonings and Necromancy.
 o - the cursed orb of Ashenzari's Oracle (worn) {light, Fort, Self}
   (You found it on level 2 of the Dungeon)

   It has a curse which improves the following skills: Fortitude: Armour and
   Shields.
   Introspection: Fighting and Spellcasting.
 v - a +0 cloak (worn)
Magical Staves
 j - a staff of cold
Jewellery
 i - the cursed ring "Tethered Soothsayer" (left hand) {Int+6, Elem, Range}
   (You found it on level 1 of the Dungeon)

   [ring of intelligence]

   Int:       It affects your intelligence (+6).
   It has a curse which improves the following skills: Elements: Fire Magic, Ice
   Magic, Air Magic and Earth Magic.
   Ranged Combat: Ranged Weapons and Throwing.
Wands
 w - a wand of flame (5)
Scrolls
 h - a scroll of brand weapon
 k - 2 scrolls of fear
 m - 3 scrolls of identify {@r1}
 n - a scroll of enchant armour
 p - a scroll of teleportation {@r4}
 r - a scroll of blinking
 x - a scroll of fog
Potions
 d - a potion of brilliance
 g - a potion of magic
 q - 2 potions of flight
 t - a potion of curing {@q1}
 u - a potion of attraction {!q}


   Skills:
 + Level 3.8(4.9) Fighting
 + Level 4.2(5.3) Dodging
 - Level 1.7(2.6) Stealth
 - Level 3.0(4.0) Spellcasting
 - Level 5.3(6.5) Necromancy


You had 9 spell levels left.
You knew the following spells:

 Your Spells              Type           Power      Damage    Failure   Level
a - Necrotise             Necr           100%       1d9       1%          1
b - Vampiric Draining     Necr           34%        2d8       2%          3

Your spell library contained the following spells:

 Spells                   Type           Power      Damage    Failure   Level
 Sublimation of Blood     Necr           34%        N/A       1%          2
 Animate Dead             Necr           34%        N/A       7%          4
 Slow                     Hex            16%        N/A       11%         1
 Agony                    Necr           34%        N/A       21%         5
 Confusing Touch          Hex            4%         N/A       30%         3
 Petrify                  Tmut/Erth      5%         N/A       69%         4
 Irradiate                Conj/Tmut      2%         3d12      96%         5
 Malign Gateway           Summ/Tloc      2%         N/A       100%        7
 Summon Horrible Things   Summ           2%         N/A       100%        8


Dungeon Overview and Level Annotations

Branches:
Dungeon (4/15)
 Temple: D:4-7

Altars:
Ashenzari
Okawaru

Shops:
D:1 (   D:3 !

Annotations:
D:4 Dowan


Innate Abilities, Weirdness & Mutations

You are amphibious.
You cover ground slowly.
You can hop short distances.
You have an extended range of vision and can be seen from far away.


Message History

Press: ? - help, Shift-Dir - straight line, f/p - gnoll sergeant
Aim: a gnoll sergeant, wielding a +0 trident and wearing a +0 scale mail (moderately wounded, haloed)
You draw life force from the gnoll sergeant!
You feel life coursing into your body. The gnoll misses you.
The gnoll sergeant completely misses you.
Casting: Vampiric Draining (dangerous; 2% risk of failure)
Confirm with . or Enter, or press ? or * to list all spells.
Aiming: Vampiric Draining (dangerous; 2% risk of failure)
Press: ? - help, Shift-Dir - straight line, f/p - gnoll sergeant
Aim: a gnoll sergeant, wielding a +0 trident and wearing a +0 scale mail (heavily wounded, haloed)
You draw life force from the gnoll sergeant.
You feel life coursing into your body. The gnoll closely misses you.
The gnoll sergeant misses you.
Casting: Vampiric Draining (dangerous; 2% risk of failure)
Confirm with . or Enter, or press ? or * to list all spells.
Aiming: Vampiric Draining (dangerous; 2% risk of failure)
Press: ? - help, Shift-Dir - straight line, f/p - gnoll sergeant
Aim: a gnoll sergeant, wielding a +0 trident and wearing a +0 scale mail (severely wounded, haloed)
You draw life force from the gnoll sergeant.
You feel life coursing into your body.
The gnoll hits you from afar with a +0 halberd!
The gnoll sergeant barely misses you.
Unknown command.
Unknown command.
Aiming: Throw Flame
Press: ? - help, Shift-Dir - straight line, f/p - gnoll sergeant
Aim: a gnoll sergeant, wielding a +0 trident and wearing a +0 scale mail (almost dead, haloed, 85% to hit)
The puff of flame misses the gnoll sergeant.
The gnoll closely misses you.
The gnoll sergeant hits you with a +0 trident!
You hit the gnoll sergeant but do no damage.
The gnoll sergeant is almost dead.
The gnoll hits you from afar with a +0 halberd!
* * * LOW HITPOINT WARNING * * *
The gnoll sergeant closely misses you.
You hit the gnoll sergeant but do no damage.
The gnoll sergeant is almost dead.
The gnoll closely misses you.
The gnoll sergeant hits you with a +0 trident!
You die...

#...## #..###.
##...########..# #.
###........#### ##
##..###### ##)##
#..## ##..#
#########.# ####
#..@gg....## ####...
#.#######..###......
#.#.....#...##.##.#.
#.#.###.#.#....#....
#.#.#..<#.###.....##
#.#.#####.# ##......
#.#.......# ####.##
#.########### #....
#...........# #.###


You could see a gnoll sergeant and a gnoll.

Vanquished Creatures
  A scorpion (D:4)
  3 orc priests
  A hound (D:3)
  An iguana (D:4)
  Terence (D:2)
  Robin (D:1)
  2 gnolls (D:3)
  An adder (D:2)
  A worm (D:4)
  6 dart slugs
  7 orcs
  8 ball pythons
  8 endoplasms
  3 giant cockroaches
  10 hobgoblins
  3 jackals (D:3)
  3 quokkas
  3 bats
  3 frilled lizards
  17 goblins
  7 kobolds
  5 rats
95 creatures vanquished.

Vanquished Creatures (collateral kills)
  An adder (D:2)
  A goblin (D:2)
2 creatures vanquished.

Grand Total: 97 creatures vanquished

Notes
Turn   | Place    | Note
-------+----------+-------------------------------------------
     0 | D:1      | sanka the Barachi Necromancer began the quest for the Orb.
     0 | D:1      | Reached XP level 1. HP: 13/13 MP: 3/3
   128 | D:1      | Reached XP level 2. HP: 19/19 MP: 0/5
   587 | D:1      | Reached skill level 4 in Necromancy
   629 | D:1      | Reached XP level 3. HP: 24/24 MP: 5/7
   844 | D:1      | Found Tuwauzeh's Weapon Shop.
  1114 | D:1      | Found a faded altar of an unknown god.
  1229 | D:1      | Prayed at the altar of an unknown god.
  1229 | D:1      | Became a worshipper of Ashenzari the Shackled
  1333 | D:2      | Noticed Robin
  1359 | D:1      | Learned a level 3 spell: Vampiric Draining
  1369 | D:1      | Killed Robin
  1370 | D:1      | Reached XP level 4. HP: 25/30 MP: 4/8
  1858 | D:2      | Reached skill level 5 in Necromancy
  1915 | D:2      | Reached * piety under Ashenzari
  2127 | D:2      | Noticed Terence
  2134 | D:2      | Killed Terence
  2135 | D:2      | Reached XP level 5. HP: 34/35 MP: 2/9
  2384 | D:3      | Reached skill level 1 in Fighting
  2681 | D:3      | Found Huoxoria's Distillery.
  2808 | D:3      | Found an iron altar of Okawaru.
  2814 | D:3      | Reached ** piety under Ashenzari
  3008 | D:3      | Reached XP level 6. HP: 47/47 MP: 12/12
  3118 | D:3      | Bought a potion of heal wounds for 60 gold pieces
  3118 | D:3      | Bought a potion of curing for 36 gold pieces
  3118 | D:3      | Bought a potion of attraction for 36 gold pieces
  3914 | D:4      | Noticed Dowan
  4210 | D:3      | Slain by a gnoll sergeant

Illustrated notes

Levels and vault maps discovered:
D:1:      scummos_arrival_checkerplants, layout_loops_ring, serial_shops,
          nicolae_shop_tiny_statue_garden,
          shapermc_ecumenical_altar_mp_urbaneastern
D:2:      layout_basic, uniq_terence, uniq_robin
D:3:      layout_basic, hellmonk_okawaru_the_only_friend_you_need, serial_shops,
          nicolae_shop_tiny_waterfront
D:4:      layout_gridville, grunt_tough_drop, uniq_duvessa

Skill      XL: |  1  2  3  4  5  6 |
---------------+-------------------+-----
Spellcasting   | 3 |  3.0
Necromancy     | 4 5 |  5.3
Fighting       | 2 3 |  3.8
Dodging        | 3 4 |  4.2
Stealth        | |  1.7

Action                     |  1- 3 |  4- 6 || total
---------------------------+-------+-------++-------
  Melee: Unarmed           |    14 |       ||    14
         Dagger            |     6 |   152 ||   158
   Cast: Necrotise         |    54 |    25 ||    79
         Vampiric Draining |     1 |    14 ||    15
 Invoke: Curse Item        |     1 |     3 ||     4
Ability: Hop               |       |     2 ||     2
  Evoke: Wand              |       |     1 ||     1
    Use: Scroll            |     1 |       ||     1
         Potion            |       |     1 ||     1
   Stab: Sleeping          |       |     3 ||     3
 Armour: Robe              |    13 |    43 ||    56
  Dodge: Dodged            |    19 |   131 ||   150
